Boston Bruins vs New York Rangers
Created - Friday, June 2, 2023 at 18:21
Goals
|
| Boston Bruins |
0 |
1 |
1 |
2 |
| New York Rangers |
0 |
2 |
3 |
5 |
|
Shots
|
| Boston Bruins |
8 |
12 |
14 |
34 |
| New York Rangers |
3 |
23 |
21 |
47 |
|
1st period
No Goal
Penalties :
David Kampf (NYR) for Interference (Minor) at 1:27, Brock McGinn (BOS) for Boarding (Minor) at 9:14, Eric Robinson (NYR) for Interference (Minor) at 16:12
2nd period
1. New York Rangers , Nathan MacKinnon 47 (Pierre-Luc Dubois 30, Matt Benning 10) at 6:49
2. Boston Bruins , Pavel Zacha 28 (Anthony Beauvillier 8, Jordan Spence 2) at 13:24
3. New York Rangers , Patrice Bergeron 30 (Nathan MacKinnon 57, Pierre-Luc Dubois 31) at 13:34
Penalties :
Pierre-Luc Dubois (NYR) for Tripping (Minor) at 3:22, Vincent Trocheck (BOS) for Hooking (Minor) at 7:06, Pierre-Luc Dubois (NYR) for Tripping (Minor) at 8:01, Samuel Girard (BOS) for Hooking (Minor) at 15:57, Matt Grzelcyk (BOS) for Hooking (Minor) at 19:11
3rd period
4. New York Rangers , Nathan MacKinnon 48 (Mikael Granlund 36, Patrice Bergeron 62) at 0:10 (PP)
5. New York Rangers , Mark Giordano 2 (Patrice Bergeron 63) at 0:14
6. New York Rangers , Conor Garland 13 (Cole Caufield 16, Cam Fowler 20) at 2:03
7. Boston Bruins , Phil Kessel 28 (Vincent Trocheck 38, Jordan Spence 3) at 11:34
Penalties :
Mark Giordano (NYR) for Cross-checking (Minor) at 5:10, Matt Grzelcyk (BOS) for Hooking (Minor) at 5:32, Joel Farabee (BOS) for Delaying the game (Minor) at 11:58, Pierre-Luc Dubois (NYR) for Hooking (Minor) at 18:50
Goalie Stats
David Rittich (BOS), 42 saves from 47 shots - (0.894), L, 12-24-5, 60:00 minutes
Igor Shesterkin (NYR), 32 saves from 34 shots - (0.941), W, 23-18-3, 60:00 minutes
Players Stats for Boston Bruins
Player Name G A P +/- PIM S H SB GA TA FO MP PP MP PK MP
------------------------------------------------------------------------------------
Anthony Beauvillier 0 1 1 0 0 1 1 0 0 0 1/2 11:21 0:00 1:50
Brandon Hagel 0 0 0 -1 0 2 0 0 0 0 0/0 11:37 0:00 0:00
Brock McGinn 0 0 0 0 2 0 1 0 0 1 0/1 8:45 0:00 0:00
Charlie McAvoy 0 0 0 0 0 0 1 3 0 1 0/0 22:32 4:37 3:30
Danton Heinen 0 0 0 -1 0 2 1 1 0 0 0/0 9:33 0:00 0:00
Joel Farabee 0 0 0 0 2 5 0 1 2 0 0/3 18:52 4:30 2:44
Joonas Donskoi 0 0 0 0 0 0 0 0 0 0 0/1 14:03 4:34 0:12
Jordan Spence 0 2 2 -2 0 0 0 3 0 0 0/0 12:47 0:04 0:00
Mason Appleton 0 0 0 -1 0 0 0 0 1 0 0/1 10:06 0:13 0:00
Matt Grzelcyk 0 0 0 0 4 0 2 0 0 1 0/0 18:47 3:41 0:00
Morgan Geekie 0 0 0 -1 0 3 0 1 1 0 3/4 9:23 0:00 0:00
Pavel Zacha 1 0 1 0 0 3 3 0 1 0 4/9 18:52 3:49 3:44
Phil Kessel 1 0 1 -1 0 4 1 0 0 1 0/1 20:17 3:40 3:44
Ryan Donato 0 0 0 0 0 2 2 0 1 0 2/17 15:45 4:34 1:00
Samuel Girard 0 0 0 0 2 1 0 0 0 1 0/0 21:33 4:37 2:32
Tyson Barrie 0 0 0 -2 0 2 3 2 0 0 0/0 24:12 3:46 4:39
Victor Mete 0 0 0 0 0 0 1 6 0 2 0/0 21:20 0:00 5:45
Vincent Trocheck 0 1 1 -1 2 9 2 0 2 0 12/21 19:15 3:49 3:12
Players Stats for New York Rangers
Player Name G A P +/- PIM S H SB GA TA FO MP PP MP PK MP
------------------------------------------------------------------------------------
Adam Larsson 0 0 0 -2 0 2 3 1 1 1 0/0 19:40 0:00 4:14
Andre Burakovsky 0 0 0 -1 0 5 2 0 0 0 1/1 16:10 2:46 0:09
Blake Wheeler 0 0 0 -1 0 5 1 0 0 0 1/2 15:37 2:31 0:00
Cam Fowler 0 1 1 3 0 3 1 3 0 1 0/0 28:33 5:27 3:24
Cole Caufield 0 1 1 1 0 0 1 0 0 0 0/0 11:09 2:32 0:00
Conor Garland 1 0 1 1 0 2 0 0 0 0 0/0 8:35 0:00 0:00
David Kampf 0 0 0 1 2 1 1 0 0 1 6/9 13:23 0:09 3:47
Dmitry Kulikov 0 0 0 1 0 0 1 0 0 0 0/0 9:06 0:00 0:07
Eric Robinson 0 0 0 0 2 3 0 0 0 0 0/0 9:29 0:00 2:11
Jake McCabe 0 0 0 -2 0 0 1 4 0 1 0/0 19:40 0:02 4:13
Mark Giordano 1 0 1 3 2 5 2 5 0 1 0/0 24:51 2:48 3:54
Matt Benning 0 1 1 1 0 0 1 2 0 1 0/0 9:27 0:00 0:54
Mikael Granlund 0 1 1 -1 0 4 2 0 2 1 7/13 21:13 5:26 2:08
Nathan MacKinnon 2 1 3 2 0 8 1 1 1 0 2/2 19:49 5:41 0:00
Patrice Bergeron 1 2 3 2 0 3 2 0 1 1 20/31 23:13 5:32 2:44
Pierre-Luc Dubois 0 2 2 2 6 3 1 1 2 0 1/1 19:53 5:29 0:47
T.J. Oshie 0 0 0 0 0 1 2 0 0 0 0/1 8:15 2:32 0:00
Tyler Motte 0 0 0 0 0 2 1 0 0 0 0/0 10:47 0:09 5:00
3 Stars
1 - Nathan MacKinnon (NYR)
2 - Patrice Bergeron (NYR)
3 - Mark Giordano (NYR)
Power Play
Boston Bruins - 0 on 6 Attempt(s) - 0.00%
New York Rangers - 1 on 6 Attempt(s) - 16.67%
Penalty Kill
Boston Bruins - 5 on 6 Attempt(s) - 83.33%
- Score 0 goal in Penalty Kill
New York Rangers - 6 on 6 Attempt(s) - 100.00%
- Score 0 goal in Penalty Kill
Team Stat
Boston Bruins - Hits : 18 - Faceoff Wins : 22 - Blocked Shots : 17 - Penalty Minutes : 12
New York Rangers - Hits : 23 - Faceoff Wins : 38 - Blocked Shots : 17 - Penalty Minutes : 12
Official
Referees : Brian Pochmara and Mark Lemelin
Linesman : Mike Cvik and David Brisebois
Game Notes
No Game Note
Finance
Level 1 -- Attendance: 4805 (80.08%) -- Ticket Income $490,110
Level 2 -- Attendance: 3415 (68.30%) -- Ticket Income $215,145
Level 3 -- Attendance: 2090 (69.67%) -- Ticket Income $85,690
Level 4 -- Attendance: 3618 (72.36%) -- Ticket Income $101,304
Luxury Box -- Attendance: 969 (96.90%) -- Ticket Income $188,955
Game was played at the Madison Square Garden.
Total Attendance: 14897 (74.49%)
Total Ticket Income: $1,081,204
Other Income: $378,421
Total Income: $1,459,625
Boston Bruins
5 vs 5 Forward
Center Left Wing Right Wing Time % Phy DF OF
1 Vincent Trocheck Phil Kessel Brandon Hagel 30 1 2 2
2 Pavel Zacha Joel Farabee Anthony Beauvillier 30 1 2 2
3 Ryan Donato Joonas Donskoi Brock McGinn 25 1 2 2
4 Morgan Geekie Danton Heinen Mason Appleton 15 1 2 2
5 vs 5 Defense
Defense Defense Time % Phy DF OF
1 Charlie McAvoy Samuel Girard 35 1 2 2
2 Tyson Barrie Jordan Spence 35 1 2 2
3 Matt Grzelcyk Victor Mete 30 1 2 2
4 Charlie McAvoy Samuel Girard 0 1 2 2
PowerPlay Forward
Center Left Wing Right Wing Time % Phy DF OF
1 Vincent Trocheck Pavel Zacha Phil Kessel 50 1 2 2
2 Ryan Donato Joel Farabee Joonas Donskoi 50 1 2 2
PowerPlay Defense
Defense Defense Time % Phy DF OF
1 Charlie McAvoy Samuel Girard 50 1 2 2
2 Tyson Barrie Matt Grzelcyk 50 1 2 2
Penalty Kill 4 Players Forward
Center Wing Time % Phy DF OF
1 Vincent Trocheck Phil Kessel 50 1 2 2
2 Pavel Zacha Joel Farabee 50 1 2 2
Penalty Kill 4 Players Defense
Defense Defense Time % Phy DF OF
1 Charlie McAvoy Samuel Girard 50 1 2 2
2 Tyson Barrie Victor Mete 50 1 2 2
Penalty Kill - 3 Players Forward
Forward Time % Phy DF OF
1 Vincent Trocheck 50 1 2 2
2 Phil Kessel 50 1 2 2
Penalty Kill - 3 Players Defense
Defense Defense Time % Phy DF OF
1 Charlie McAvoy Samuel Girard 50 1 2 2
2 Tyson Barrie Victor Mete 50 1 2 2
4 vs 4 Forward
Center Wing Time % Phy DF OF
1 Vincent Trocheck Phil Kessel 50 1 2 2
2 Pavel Zacha Joel Farabee 50 1 2 2
4 vs 4 Defense
Defense Defense Time % Phy DF OF
1 Charlie McAvoy Samuel Girard 50 1 2 2
2 Tyson Barrie Matt Grzelcyk 50 1 2 2
Last Minutes Offensive
Center Left Wing Right Wing Defense Defense
Vincent Trocheck Pavel Zacha Phil Kessel Charlie McAvoy Samuel Girard
Last Minutes Defensive
Center Left Wing Right Wing Defense Defense
Vincent Trocheck Pavel Zacha Phil Kessel Charlie McAvoy Samuel Girard
Goaltenders
Starting : David Rittich
Backup : Pyotr Kochetkov
Extra Forwards
Normal : Mason Appleton, Brandon Hagel, Anthony Beauvillier - PP : Mason Appleton, Brandon Hagel - PK : Anthony Beauvillier
Extra Defensemen
Normal : Matt Grzelcyk, Victor Mete, Tyson Barrie - PP : Matt Grzelcyk - PK : Victor Mete, Tyson Barrie
Penalty Shots
Vincent Trocheck, Phil Kessel, Pavel Zacha, Joel Farabee, Brandon Hagel
New York Rangers
5 vs 5 Forward
Center Left Wing Right Wing Time % Phy DF OF
1 Patrice Bergeron Pierre-Luc Dubois Nathan MacKinnon 40 0 1 4
2 Mikael Granlund Andre Burakovsky Blake Wheeler 30 1 1 3
3 David Kampf Conor Garland Cole Caufield 20 1 2 2
4 T.J. Oshie Eric Robinson Tyler Motte 10 1 3 1
5 vs 5 Defense
Defense Defense Time % Phy DF OF
1 Mark Giordano Cam Fowler 44 1 2 2
2 Jake McCabe Adam Larsson 33 1 2 2
3 Dmitry Kulikov Matt Benning 23 1 2 2
4 Cam Fowler Adam Larsson 0 1 2 2
PowerPlay Forward
Center Left Wing Right Wing Time % Phy DF OF
1 Patrice Bergeron Nathan MacKinnon Pierre-Luc Dubois 60 0 1 4
2 Blake Wheeler T.J. Oshie Cole Caufield 40 0 1 4
PowerPlay Defense
Defense Defense Time % Phy DF OF
1 Cam Fowler Mikael Granlund 60 0 2 3
2 Andre Burakovsky Mark Giordano 40 0 2 3
Penalty Kill 4 Players Forward
Center Wing Time % Phy DF OF
1 David Kampf Tyler Motte 60 1 3 1
2 Patrice Bergeron Eric Robinson 40 1 3 1
Penalty Kill 4 Players Defense
Defense Defense Time % Phy DF OF
1 Mark Giordano Cam Fowler 60 1 3 1
2 Adam Larsson Jake McCabe 40 1 3 1
Penalty Kill - 3 Players Forward
Forward Time % Phy DF OF
1 Nathan MacKinnon 60 1 4 0
2 Patrice Bergeron 40 1 4 0
Penalty Kill - 3 Players Defense
Defense Defense Time % Phy DF OF
1 Cam Fowler Mark Giordano 60 1 4 0
2 Jake McCabe Adam Larsson 40 1 4 0
4 vs 4 Forward
Center Wing Time % Phy DF OF
1 Nathan MacKinnon Patrice Bergeron 60 1 2 2
2 Pierre-Luc Dubois Blake Wheeler 40 1 2 2
4 vs 4 Defense
Defense Defense Time % Phy DF OF
1 Cam Fowler Jake McCabe 60 1 2 2
2 Mark Giordano Adam Larsson 40 1 2 2
Last Minutes Offensive
Center Left Wing Right Wing Defense Defense
Patrice Bergeron Blake Wheeler Nathan MacKinnon Cam Fowler Mark Giordano
Last Minutes Defensive
Center Left Wing Right Wing Defense Defense
Patrice Bergeron David Kampf Mikael Granlund Cam Fowler Jake McCabe
Goaltenders
Starting : Igor Shesterkin
Backup : Tristan Jarry
Extra Forwards
Normal : Mikael Granlund, Andre Burakovsky, Conor Garland - PP : Mikael Granlund, Nathan MacKinnon - PK : Mikael Granlund
Extra Defensemen
Normal : Dmitry Kulikov, Matt Benning, Mark Giordano - PP : Dmitry Kulikov - PK : Matt Benning, Mark Giordano
Penalty Shots
T.J. Oshie, Mikael Granlund, Mark Giordano, Nathan MacKinnon, Blake Wheeler
% Time on Ice - Boston Bruins
Lines # - Real PCT - Wanted PCT - Time Play
Normal Forward
1 - 29% - 30% - 11:57
2 - 27% - 30% - 11:01
3 - 21% - 25% - 8:22
4 - 23% - 15% - 9:23
Normal Defense
1 - 32% - 35% - 13:11
2 - 33% - 35% - 13:24
3 - 35% - 30% - 14:08
4 - 0% - 0% - 0:00
PP Forward
1 - 44% - 50% - 3:40
2 - 56% - 50% - 4:43
PP Defense
1 - 55% - 50% - 4:37
2 - 45% - 50% - 3:46
PK Forward
1 - 46% - 50% - 3:49
2 - 54% - 50% - 4:24
PK Defense
1 - 49% - 50% - 4:02
2 - 51% - 50% - 4:11
PK3 Forward
1 - 0% - 50%
2 - 0% - 50%
PK3 Defense
1 - 0% - 50%
2 - 0% - 50%
44 Forward
1 - 50% - 50% - 1:20
2 - 50% - 50% - 1:21
44 Defense
1 - 46% - 50% - 1:14
2 - 54% - 50% - 1:27
Last Minute Offensive - 0:00
Last Minute Defensive - 0:00
Total
Forward - 60:00
Defense - 60:00
|
% Time on Ice - New York Rangers
Lines # - Real PCT - Wanted PCT - Time Play
Normal Forward
1 - 33% - 40% - 13:18
2 - 33% - 30% - 13:22
3 - 21% - 20% - 8:35
4 - 13% - 10% - 5:28
Normal Defense
1 - 45% - 44% - 18:25
2 - 35% - 33% - 14:11
3 - 20% - 23% - 8:07
4 - 0% - 0% - 0:00
PP Forward
1 - 69% - 60% - 5:41
2 - 31% - 40% - 2:32
PP Defense
1 - 66% - 60% - 5:27
2 - 34% - 40% - 2:46
PK Forward
1 - 71% - 60% - 5:58
2 - 29% - 40% - 2:25
PK Defense
1 - 48% - 60% - 4:02
2 - 52% - 40% - 4:21
PK3 Forward
1 - 0% - 60%
2 - 0% - 40%
PK3 Defense
1 - 0% - 60%
2 - 0% - 40%
44 Forward
1 - 71% - 60% - 1:55
2 - 29% - 40% - 0:46
44 Defense
1 - 68% - 60% - 1:49
2 - 32% - 40% - 0:52
Last Minute Offensive - 0:00
Last Minute Defensive - 0:00
Total
Forward - 60:00
Defense - 60:00
|
Play-by-Play
1st period
0:01 of 1st period - Patrice Bergeron wins face-off versus Vincent Trocheck in neutral zone.
0:06 of 1st period - Wrist shot by Nathan MacKinnon.
0:06 of 1st period - Shot Blocked by Charlie McAvoy.
0:37 of 1st period - Slapshot by Andre Burakovsky.
0:37 of 1st period - Shot Misses the Net.
1:05 of 1st period - Slapshot by Joel Farabee.
1:05 of 1st period - Stopped by Igor Shesterkin without a rebound.
1:06 of 1st period - David Kampf wins face-off versus Ryan Donato in New York Rangers zone.
1:27 of 1st period - Minor Penalty to David Kampf for Interference.
1:28 of 1st period - Vincent Trocheck wins face-off versus Mikael Granlund in New York Rangers zone.
1:33 of 1st period - Snap shot by Vincent Trocheck.
1:33 of 1st period - Shot Misses the Net.
1:35 of 1st period - Snap shot by Vincent Trocheck.
1:35 of 1st period - Stopped by Igor Shesterkin without a rebound.
1:36 of 1st period - Mikael Granlund wins face-off versus Vincent Trocheck in New York Rangers zone.
2:03 of 1st period - Snap shot by Ryan Donato.
2:03 of 1st period - Deflect By Joel Farabee.
2:03 of 1st period - Stopped by Igor Shesterkin without a rebound.
2:04 of 1st period - Patrice Bergeron wins face-off versus Ryan Donato in New York Rangers zone.
2:40 of 1st period - Wrist shot by Phil Kessel.
2:40 of 1st period - Shot Blocked by Jake McCabe.
2:42 of 1st period - Slapshot by Phil Kessel.
2:42 of 1st period - Shot Blocked by Jake McCabe.
2:46 of 1st period - Snap shot by Phil Kessel.
2:46 of 1st period - Shot Misses the Net.
3:04 of 1st period - Charlie McAvoy is hit by Tyler Motte and loses puck.
3:08 of 1st period - Icing by Joel Farabee.
3:09 of 1st period - Mikael Granlund wins face-off versus Ryan Donato in Boston Bruins zone.
3:12 of 1st period - Snap shot by Tyler Motte.
3:12 of 1st period - Stopped by David Rittich with a rebound.
3:27 of 1st period - Penalty to David Kampf is over, David Kampf is back on ice.
3:44 of 1st period - Wrist shot by Ryan Donato.
3:44 of 1st period - Deflect By Cam Fowler.
3:44 of 1st period - Stopped by Igor Shesterkin with a rebound.
3:46 of 1st period - Wrist shot by Ryan Donato.
3:46 of 1st period - Shot Misses the Net.
4:16 of 1st period - Snap shot by Eric Robinson.
4:16 of 1st period - Deflect By Patrice Bergeron.
4:16 of 1st period - Shot Blocked by Joel Farabee.
4:16 of 1st period - Puck is out of play.
4:17 of 1st period - Mikael Granlund wins face-off versus Vincent Trocheck in Boston Bruins zone.
4:30 of 1st period - Snap shot by Blake Wheeler.
4:30 of 1st period - Stopped by David Rittich with a rebound.
5:24 of 1st period - Eric Robinson is hit by Tyson Barrie and loses puck.
5:31 of 1st period - Tyler Motte is hit by Pavel Zacha and loses puck.
6:13 of 1st period - Pavel Zacha is hit by Cam Fowler and loses puck.
7:21 of 1st period - Slapshot by Cole Caufield.
7:21 of 1st period - Shot Misses the Net.
7:37 of 1st period - Danton Heinen is hit by Dmitry Kulikov and loses puck.
7:42 of 1st period - Snap shot by Andre Burakovsky.
7:42 of 1st period - Shot Hit the Post.
7:44 of 1st period - Snap shot by Mikael Granlund.
7:44 of 1st period - Stopped by David Rittich without a rebound.
7:45 of 1st period - David Kampf wins face-off versus Brock McGinn in Boston Bruins zone.
7:46 of 1st period - Snap shot by Cole Caufield.
7:46 of 1st period - Shot Blocked by Jordan Spence.
8:08 of 1st period - David Kampf is hit by Phil Kessel and loses puck.
8:29 of 1st period - Off-side.
8:30 of 1st period - Pavel Zacha wins face-off versus Patrice Bergeron in neutral zone.
9:14 of 1st period - Minor Penalty to Brock McGinn for Boarding.
9:15 of 1st period - Patrice Bergeron wins face-off versus Vincent Trocheck in Boston Bruins zone.
9:27 of 1st period - Off-side.
9:28 of 1st period - Patrice Bergeron wins face-off versus Pavel Zacha in neutral zone.
9:51 of 1st period - Nathan MacKinnon is hit by Victor Mete and loses puck.
10:50 of 1st period - Vincent Trocheck is hit by Pierre-Luc Dubois and loses puck.
11:05 of 1st period - Wrist shot by Nathan MacKinnon.
11:05 of 1st period - Shot Misses the Net.
11:14 of 1st period - Penalty to Brock McGinn is over, Brock McGinn is back on ice.
11:35 of 1st period - Snap shot by Ryan Donato.
11:35 of 1st period - Shot Misses the Net.
11:37 of 1st period - Slapshot by Samuel Girard.
11:37 of 1st period - Stopped by Igor Shesterkin without a rebound.
11:38 of 1st period - Morgan Geekie wins face-off versus David Kampf in New York Rangers zone.
11:39 of 1st period - Slapshot by Tyson Barrie.
11:39 of 1st period - Stopped by Igor Shesterkin with a rebound.
12:27 of 1st period - Wrist shot by Phil Kessel.
12:27 of 1st period - Stopped by Igor Shesterkin with a rebound.
13:05 of 1st period - Tyson Barrie is hit by T.J. Oshie and loses puck.
14:12 of 1st period - Ryan Donato is hit by Matt Benning and loses puck.
14:44 of 1st period - Wrist shot by Morgan Geekie.
14:44 of 1st period - Shot Blocked by Mark Giordano.
15:08 of 1st period - Matt Grzelcyk is hit by Jake McCabe and loses puck.
16:12 of 1st period - Minor Penalty to Eric Robinson for Interference.
16:13 of 1st period - David Kampf wins face-off versus Phil Kessel in New York Rangers zone.
16:47 of 1st period - Wrist shot by Joel Farabee.
16:47 of 1st period - Shot Blocked by Jake McCabe.
16:49 of 1st period - Snap shot by Joel Farabee.
16:49 of 1st period - Stopped by Igor Shesterkin with a rebound.
17:03 of 1st period - Matt Grzelcyk is hit by Patrice Bergeron and loses puck.
18:12 of 1st period - Penalty to Eric Robinson is over, Eric Robinson is back on ice.
18:44 of 1st period - Icing by Matt Benning.
18:45 of 1st period - Mikael Granlund wins face-off versus Joel Farabee in New York Rangers zone.
18:52 of 1st period - Jordan Spence is hit by Patrice Bergeron and loses puck.
19:25 of 1st period - Adam Larsson is hit by Pavel Zacha and loses puck.
Goals for this period are 0 for Boston Bruins vs 0 for New York Rangers.
Shots for this period are 8 for Boston Bruins vs 3 for New York Rangers.
2nd period
0:01 of 2nd period - Patrice Bergeron wins face-off versus Ryan Donato in neutral zone.
0:07 of 2nd period - Slapshot by Cam Fowler.
0:07 of 2nd period - Stopped by David Rittich with a rebound.
0:09 of 2nd period - Snap shot by Pierre-Luc Dubois.
0:09 of 2nd period - Stopped by David Rittich with a rebound.
0:11 of 2nd period - Snap shot by Patrice Bergeron.
0:11 of 2nd period - Stopped by David Rittich with a rebound.
0:13 of 2nd period - Slapshot by Mark Giordano.
0:13 of 2nd period - Stopped by David Rittich with a rebound.
0:15 of 2nd period - Wrist shot by Pierre-Luc Dubois.
0:15 of 2nd period - Shot Misses the Net.
0:17 of 2nd period - Slapshot by Mark Giordano.
0:17 of 2nd period - Deflect By Ryan Donato.
0:17 of 2nd period - Stopped by David Rittich with a rebound.
0:36 of 2nd period - Slapshot by Mikael Granlund.
0:36 of 2nd period - Stopped by David Rittich without a rebound.
0:37 of 2nd period - Patrice Bergeron wins face-off versus Vincent Trocheck in Boston Bruins zone.
1:02 of 2nd period - Adam Larsson is hit by Ryan Donato and loses puck.
1:07 of 2nd period - Snap shot by Joonas Donskoi.
1:07 of 2nd period - Shot Misses the Net.
1:25 of 2nd period - Snap shot by Pavel Zacha.
1:25 of 2nd period - Stopped by Igor Shesterkin with a rebound.
2:09 of 2nd period - Slapshot by Eric Robinson.
2:09 of 2nd period - Stopped by David Rittich without a rebound.
2:10 of 2nd period - Mikael Granlund wins face-off versus Ryan Donato in Boston Bruins zone.
2:11 of 2nd period - Wrist shot by Blake Wheeler.
2:11 of 2nd period - Shot Misses the Net.
2:13 of 2nd period - Slapshot by Adam Larsson.
2:13 of 2nd period - Shot Blocked by Charlie McAvoy.
2:15 of 2nd period - Slapshot by Adam Larsson.
2:15 of 2nd period - Shot Misses the Net.
2:17 of 2nd period - Slapshot by Adam Larsson.
2:17 of 2nd period - Stopped by David Rittich with a rebound.
2:48 of 2nd period - Snap shot by Patrice Bergeron.
2:48 of 2nd period - Shot Misses the Net.
3:06 of 2nd period - Snap shot by Phil Kessel.
3:06 of 2nd period - Shot Misses the Net.
3:08 of 2nd period - Slapshot by Brandon Hagel.
3:08 of 2nd period - Shot Blocked by Matt Benning.
3:18 of 2nd period - Snap shot by Vincent Trocheck.
3:18 of 2nd period - Stopped by Igor Shesterkin without a rebound.
3:19 of 2nd period - Patrice Bergeron wins face-off versus Ryan Donato in New York Rangers zone.
3:19 of 2nd period - Patrice Bergeron is hit by Brock McGinn.
3:22 of 2nd period - Minor Penalty to Pierre-Luc Dubois for Tripping.
3:23 of 2nd period - David Kampf wins face-off versus Joonas Donskoi in New York Rangers zone.
3:57 of 2nd period - Wrist shot by Eric Robinson.
3:57 of 2nd period - Stopped by David Rittich without a rebound.
3:58 of 2nd period - Vincent Trocheck wins face-off versus Patrice Bergeron in Boston Bruins zone.
4:23 of 2nd period - Samuel Girard is hit by David Kampf and loses puck.
4:30 of 2nd period - Jake McCabe is hit by Tyson Barrie and loses puck.
5:22 of 2nd period - Penalty to Pierre-Luc Dubois is over, Pierre-Luc Dubois is back on ice.
5:31 of 2nd period - Slapshot by Charlie McAvoy.
5:31 of 2nd period - Shot Blocked by Pierre-Luc Dubois.
5:33 of 2nd period - Backhand shot by Danton Heinen.
5:33 of 2nd period - Stopped by Igor Shesterkin without a rebound.
5:34 of 2nd period - Morgan Geekie wins face-off versus Patrice Bergeron in New York Rangers zone.
5:51 of 2nd period - Snap shot by Nathan MacKinnon.
5:51 of 2nd period - Shot Misses the Net.
5:57 of 2nd period - Pierre-Luc Dubois is hit by Danton Heinen and loses puck.
6:12 of 2nd period - Tyson Barrie is hit by Nathan MacKinnon.
6:41 of 2nd period - Wrist shot by Nathan MacKinnon.
6:41 of 2nd period - Shot Blocked by Tyson Barrie.
6:45 of 2nd period - Wrist shot by Nathan MacKinnon.
6:45 of 2nd period - Shot Blocked by Jordan Spence.
6:47 of 2nd period - Wrist shot by Pierre-Luc Dubois.
6:47 of 2nd period - Shot Blocked by Tyson Barrie.
6:49 of 2nd period - Slapshot by Nathan MacKinnon.
6:49 of 2nd period - Goal by Nathan MacKinnon - Boston Bruins : 0 - New York Rangers : 1.
6:50 of 2nd period - Mikael Granlund wins face-off versus Ryan Donato in neutral zone.
6:59 of 2nd period - Wrist shot by Andre Burakovsky.
6:59 of 2nd period - Stopped by David Rittich with a rebound.
7:01 of 2nd period - Snap shot by Mark Giordano.
7:01 of 2nd period - Stopped by David Rittich with a rebound.
7:03 of 2nd period - Snap shot by Blake Wheeler.
7:03 of 2nd period - Stopped by David Rittich without a rebound.
7:04 of 2nd period - Vincent Trocheck wins face-off versus Mikael Granlund in Boston Bruins zone.
7:06 of 2nd period - Minor Penalty to Vincent Trocheck for Hooking.
7:07 of 2nd period - Anthony Beauvillier wins face-off versus Patrice Bergeron in Boston Bruins zone.
7:17 of 2nd period - Anthony Beauvillier is hit by Mikael Granlund and loses puck.
7:34 of 2nd period - Cam Fowler is hit by Tyson Barrie and loses puck.
7:45 of 2nd period - Joel Farabee is hit by T.J. Oshie.
8:01 of 2nd period - Minor Penalty to Pierre-Luc Dubois for Tripping.
8:02 of 2nd period - Nathan MacKinnon wins face-off versus Mason Appleton in New York Rangers zone.
9:06 of 2nd period - Penalty to Vincent Trocheck is over, Vincent Trocheck is back on ice.
9:10 of 2nd period - Slapshot by Cam Fowler.
9:10 of 2nd period - Stopped by David Rittich with a rebound.
9:28 of 2nd period - Mark Giordano is hit by Ryan Donato and loses puck.
10:01 of 2nd period - Penalty to Pierre-Luc Dubois is over, Pierre-Luc Dubois is back on ice.
10:09 of 2nd period - Matt Benning is hit by Matt Grzelcyk and loses puck.
10:26 of 2nd period - Snap shot by Blake Wheeler.
10:26 of 2nd period - Stopped by David Rittich without a rebound.
10:27 of 2nd period - Ryan Donato wins face-off versus Mikael Granlund in Boston Bruins zone.
10:52 of 2nd period - Mark Giordano is hit by Anthony Beauvillier and loses puck.
11:01 of 2nd period - Snap shot by Joel Farabee.
11:01 of 2nd period - Stopped by Igor Shesterkin without a rebound.
11:02 of 2nd period - Vincent Trocheck wins face-off versus Patrice Bergeron in New York Rangers zone.
11:17 of 2nd period - Samuel Girard is hit by Adam Larsson and loses puck.
11:38 of 2nd period - Wrist shot by Blake Wheeler.
11:38 of 2nd period - Shot Misses the Net.
12:18 of 2nd period - Snap shot by Morgan Geekie.
12:18 of 2nd period - Stopped by Igor Shesterkin with a rebound.
12:28 of 2nd period - Tyler Motte is hit by Vincent Trocheck and loses puck.
12:35 of 2nd period - Slapshot by Vincent Trocheck.
12:35 of 2nd period - Stopped by Igor Shesterkin with a rebound.
12:37 of 2nd period - Snap shot by Phil Kessel.
12:37 of 2nd period - Shot Misses the Net.
12:46 of 2nd period - Off-side.
12:47 of 2nd period - Andre Burakovsky wins face-off versus Ryan Donato in neutral zone.
12:56 of 2nd period - Wrist shot by Joonas Donskoi.
12:56 of 2nd period - Shot Misses the Net.
13:22 of 2nd period - Snap shot by Pavel Zacha.
13:22 of 2nd period - Shot Misses the Net.
13:24 of 2nd period - Snap shot by Anthony Beauvillier.
13:24 of 2nd period - Deflect By Pavel Zacha.
13:24 of 2nd period - Goal by Pavel Zacha - Boston Bruins : 1 - New York Rangers : 1.
13:25 of 2nd period - Pierre-Luc Dubois wins face-off versus Pavel Zacha in neutral zone.
13:34 of 2nd period - Snap shot by Patrice Bergeron.
13:34 of 2nd period - Goal by Patrice Bergeron - Boston Bruins : 1 - New York Rangers : 2.
13:35 of 2nd period - Vincent Trocheck wins face-off versus Patrice Bergeron in neutral zone.
13:45 of 2nd period - Slapshot by Vincent Trocheck.
13:45 of 2nd period - Stopped by Igor Shesterkin with a rebound.
13:47 of 2nd period - Snap shot by Phil Kessel.
13:47 of 2nd period - Shot Blocked by Mark Giordano.
13:49 of 2nd period - Wrist shot by Vincent Trocheck.
13:49 of 2nd period - Shot Misses the Net.
13:51 of 2nd period - Wrist shot by Brandon Hagel.
13:51 of 2nd period - Stopped by Igor Shesterkin without a rebound.
13:52 of 2nd period - Pavel Zacha wins face-off versus Mikael Granlund in New York Rangers zone.
13:59 of 2nd period - Snap shot by Pavel Zacha.
13:59 of 2nd period - Shot Misses the Net.
14:01 of 2nd period - Wrist shot by Joel Farabee.
14:01 of 2nd period - Stopped by Igor Shesterkin with a rebound.
14:03 of 2nd period - Slapshot by Anthony Beauvillier.
14:03 of 2nd period - Shot Misses the Net.
14:05 of 2nd period - Wrist shot by Anthony Beauvillier.
14:05 of 2nd period - Stopped by Igor Shesterkin without a rebound.
14:06 of 2nd period - Vincent Trocheck wins face-off versus Patrice Bergeron in New York Rangers zone.
14:31 of 2nd period - Joel Farabee is hit by Mark Giordano and loses puck.
15:15 of 2nd period - Off-side.
15:16 of 2nd period - Patrice Bergeron wins face-off versus Morgan Geekie in neutral zone.
15:21 of 2nd period - Snap shot by Nathan MacKinnon.
15:21 of 2nd period - Shot Blocked by Morgan Geekie.
15:23 of 2nd period - Snap shot by Nathan MacKinnon.
15:23 of 2nd period - Stopped by David Rittich with a rebound.
15:29 of 2nd period - Slapshot by Pierre-Luc Dubois.
15:29 of 2nd period - Shot Misses the Net.
15:57 of 2nd period - Minor Penalty to Samuel Girard for Hooking.
15:58 of 2nd period - Vincent Trocheck wins face-off versus Blake Wheeler in Boston Bruins zone.
16:26 of 2nd period - Icing by Mikael Granlund.
16:27 of 2nd period - Vincent Trocheck wins face-off versus Patrice Bergeron in New York Rangers zone.
16:28 of 2nd period - Snap shot by Phil Kessel.
16:28 of 2nd period - Stopped by Igor Shesterkin without a rebound.
16:29 of 2nd period - Patrice Bergeron wins face-off versus Vincent Trocheck in New York Rangers zone.
16:52 of 2nd period - Wrist shot by Patrice Bergeron.
16:52 of 2nd period - Shot Blocked by Charlie McAvoy.
17:22 of 2nd period - Snap shot by Patrice Bergeron.
17:22 of 2nd period - Stopped by David Rittich with a rebound.
17:24 of 2nd period - Slapshot by Mikael Granlund.
17:24 of 2nd period - Stopped by David Rittich with a rebound.
17:26 of 2nd period - Wrist shot by Nathan MacKinnon.
17:26 of 2nd period - Stopped by David Rittich with a rebound.
17:28 of 2nd period - Slapshot by Andre Burakovsky.
17:28 of 2nd period - Stopped by David Rittich without a rebound.
17:29 of 2nd period - Blake Wheeler wins face-off versus Joel Farabee in Boston Bruins zone.
17:57 of 2nd period - Penalty to Samuel Girard is over, Samuel Girard is back on ice.
18:30 of 2nd period - Snap shot by Conor Garland.
18:30 of 2nd period - Stopped by David Rittich with a rebound.
18:44 of 2nd period - Slapshot by Adam Larsson.
18:44 of 2nd period - Stopped by David Rittich with a rebound.
18:52 of 2nd period - Slapshot by Joel Farabee.
18:52 of 2nd period - Deflect By Samuel Girard.
18:52 of 2nd period - Shot Misses the Net.
18:52 of 2nd period - Puck is out of play.
18:53 of 2nd period - Vincent Trocheck wins face-off versus Patrice Bergeron in New York Rangers zone.
19:11 of 2nd period - Minor Penalty to Matt Grzelcyk for Hooking.
19:12 of 2nd period - Vincent Trocheck wins face-off versus Patrice Bergeron in Boston Bruins zone.
Goals for this period are 1 for Boston Bruins vs 2 for New York Rangers.
Shots for this period are 12 for Boston Bruins vs 23 for New York Rangers.
3rd period
0:01 of 3rd period - Patrice Bergeron wins face-off versus Pavel Zacha in neutral zone.
0:08 of 3rd period - Snap shot by Nathan MacKinnon.
0:08 of 3rd period - Shot Blocked by Victor Mete.
0:10 of 3rd period - Wrist shot by Nathan MacKinnon.
0:10 of 3rd period - Goal by Nathan MacKinnon - Boston Bruins : 1 - New York Rangers : 3.
0:11 of 3rd period - Patrice Bergeron wins face-off versus Vincent Trocheck in neutral zone.
0:14 of 3rd period - Slapshot by Mark Giordano.
0:14 of 3rd period - Goal by Mark Giordano - Boston Bruins : 1 - New York Rangers : 4.
0:15 of 3rd period - Patrice Bergeron wins face-off versus Vincent Trocheck in neutral zone.
0:30 of 3rd period - Backhand shot by Vincent Trocheck.
0:30 of 3rd period - Shot Blocked by Cam Fowler.
0:40 of 3rd period - Tyson Barrie is hit by Mikael Granlund and loses puck.
0:45 of 3rd period - Snap shot by Mikael Granlund.
0:45 of 3rd period - Shot Misses the Net.
0:49 of 3rd period - Snap shot by Blake Wheeler.
0:49 of 3rd period - Stopped by David Rittich with a rebound.
0:51 of 3rd period - Slapshot by Andre Burakovsky.
0:51 of 3rd period - Shot Blocked by Jordan Spence.
0:53 of 3rd period - Snap shot by Andre Burakovsky.
0:53 of 3rd period - Shot Misses the Net.
1:00 of 3rd period - Icing by Tyson Barrie.
1:01 of 3rd period - Ryan Donato wins face-off versus David Kampf in Boston Bruins zone.
1:37 of 3rd period - Wrist shot by Vincent Trocheck.
1:37 of 3rd period - Shot Blocked by Cam Fowler.
2:03 of 3rd period - Slapshot by Conor Garland.
2:03 of 3rd period - Goal by Conor Garland - Boston Bruins : 1 - New York Rangers : 5.
2:04 of 3rd period - Patrice Bergeron wins face-off versus Ryan Donato in neutral zone.
2:13 of 3rd period - Wrist shot by Ryan Donato.
2:13 of 3rd period - Shot Misses the Net.
2:29 of 3rd period - Andre Burakovsky is hit by Pavel Zacha and loses puck.
2:40 of 3rd period - Joel Farabee is hit by Adam Larsson and loses puck.
2:53 of 3rd period - Snap shot by Tyler Motte.
2:53 of 3rd period - Shot Blocked by Danton Heinen.
2:55 of 3rd period - Snap shot by Mark Giordano.
2:55 of 3rd period - Deflect By T.J. Oshie.
2:55 of 3rd period - Stopped by David Rittich with a rebound.
2:57 of 3rd period - Wrist shot by Tyler Motte.
2:57 of 3rd period - Stopped by David Rittich with a rebound.
2:59 of 3rd period - Backhand shot by Eric Robinson.
2:59 of 3rd period - Shot Misses the Net.
3:01 of 3rd period - Snap shot by Eric Robinson.
3:01 of 3rd period - Stopped by David Rittich without a rebound.
3:02 of 3rd period - Patrice Bergeron wins face-off versus Ryan Donato in Boston Bruins zone.
3:07 of 3rd period - Wrist shot by Patrice Bergeron.
3:07 of 3rd period - Shot Misses the Net.
3:09 of 3rd period - Snap shot by Pierre-Luc Dubois.
3:09 of 3rd period - Shot Blocked by Victor Mete.
3:11 of 3rd period - Snap shot by Pierre-Luc Dubois.
3:11 of 3rd period - Stopped by David Rittich without a rebound.
3:12 of 3rd period - Patrice Bergeron wins face-off versus Ryan Donato in Boston Bruins zone.
3:25 of 3rd period - Snap shot by Patrice Bergeron.
3:25 of 3rd period - Shot Misses the Net.
3:27 of 3rd period - Snap shot by Pierre-Luc Dubois.
3:27 of 3rd period - Shot Misses the Net.
3:31 of 3rd period - Wrist shot by Pierre-Luc Dubois.
3:31 of 3rd period - Stopped by David Rittich with a rebound.
3:33 of 3rd period - Slapshot by Mark Giordano.
3:33 of 3rd period - Deflect By Nathan MacKinnon.
3:33 of 3rd period - Stopped by David Rittich without a rebound.
3:34 of 3rd period - Pavel Zacha wins face-off versus Mikael Granlund in Boston Bruins zone.
3:34 of 3rd period - Pavel Zacha is hit by Andre Burakovsky.
4:04 of 3rd period - Snap shot by Vincent Trocheck.
4:04 of 3rd period - Stopped by Igor Shesterkin without a rebound.
4:05 of 3rd period - Vincent Trocheck wins face-off versus Patrice Bergeron in New York Rangers zone.
4:30 of 3rd period - Blake Wheeler is hit by Vincent Trocheck and loses puck.
4:47 of 3rd period - Slapshot by Vincent Trocheck.
4:47 of 3rd period - Shot Misses the Net.
4:49 of 3rd period - Slapshot by Victor Mete.
4:49 of 3rd period - Shot Blocked by Mark Giordano.
4:51 of 3rd period - Snap shot by Victor Mete.
4:51 of 3rd period - Shot Hit the Post.
4:53 of 3rd period - Snap shot by Vincent Trocheck.
4:53 of 3rd period - Stopped by Igor Shesterkin with a rebound.
4:55 of 3rd period - Slapshot by Tyson Barrie.
4:55 of 3rd period - Shot Blocked by Mark Giordano.
4:57 of 3rd period - Backhand shot by Jordan Spence.
4:57 of 3rd period - Shot Misses the Net.
4:59 of 3rd period - Slapshot by Brandon Hagel.
4:59 of 3rd period - Shot Blocked by Cam Fowler.
5:01 of 3rd period - Slapshot by Jordan Spence.
5:01 of 3rd period - Shot Blocked by Mark Giordano.
5:03 of 3rd period - Snap shot by Vincent Trocheck.
5:03 of 3rd period - Stopped by Igor Shesterkin with a rebound.
5:10 of 3rd period - Minor Penalty to Mark Giordano for Cross-checking.
5:11 of 3rd period - David Kampf wins face-off versus Ryan Donato in New York Rangers zone.
5:24 of 3rd period - Snap shot by David Kampf.
5:24 of 3rd period - Shot Misses the Net.
5:32 of 3rd period - Minor Penalty to Matt Grzelcyk for Hooking.
5:33 of 3rd period - Nathan MacKinnon wins face-off versus Pavel Zacha in Boston Bruins zone.
5:38 of 3rd period - Snap shot by Nathan MacKinnon.
5:38 of 3rd period - Stopped by David Rittich with a rebound.
6:18 of 3rd period - Joel Farabee is hit by Adam Larsson and loses puck.
7:10 of 3rd period - Penalty to Mark Giordano is over, Mark Giordano is back on ice.
7:32 of 3rd period - Penalty to Matt Grzelcyk is over, Matt Grzelcyk is back on ice.
7:37 of 3rd period - Anthony Beauvillier is hit by Mark Giordano and loses puck.
7:43 of 3rd period - Icing by Ryan Donato.
7:44 of 3rd period - David Kampf wins face-off versus Anthony Beauvillier in Boston Bruins zone.
7:47 of 3rd period - Wrist shot by Conor Garland.
7:47 of 3rd period - Shot Misses the Net.
7:49 of 3rd period - Snap shot by David Kampf.
7:49 of 3rd period - Stopped by David Rittich without a rebound.
7:50 of 3rd period - Patrice Bergeron wins face-off versus Vincent Trocheck in Boston Bruins zone.
8:46 of 3rd period - Icing by Charlie McAvoy.
8:47 of 3rd period - Pavel Zacha wins face-off versus Mikael Granlund in Boston Bruins zone.
9:09 of 3rd period - Snap shot by Joel Farabee.
9:09 of 3rd period - Shot Misses the Net.
9:31 of 3rd period - Snap shot by Pavel Zacha.
9:31 of 3rd period - Stopped by Igor Shesterkin without a rebound.
9:32 of 3rd period - Mikael Granlund wins face-off versus Ryan Donato in New York Rangers zone.
10:23 of 3rd period - Adam Larsson is hit by Matt Grzelcyk and loses puck.
10:42 of 3rd period - Tyson Barrie is hit by Blake Wheeler and loses puck.
10:53 of 3rd period - Slapshot by Phil Kessel.
10:53 of 3rd period - Deflect By Mikael Granlund.
10:53 of 3rd period - Stopped by Igor Shesterkin with a rebound.
10:55 of 3rd period - Snap shot by Brandon Hagel.
10:55 of 3rd period - Stopped by Igor Shesterkin with a rebound.
10:57 of 3rd period - Slapshot by Vincent Trocheck.
10:57 of 3rd period - Stopped by Igor Shesterkin with a rebound.
11:23 of 3rd period - Backhand shot by Vincent Trocheck.
11:23 of 3rd period - Shot Blocked by Jake McCabe.
11:32 of 3rd period - Slapshot by Jordan Spence.
11:32 of 3rd period - Shot Misses the Net.
11:34 of 3rd period - Snap shot by Vincent Trocheck.
11:34 of 3rd period - Deflect By Phil Kessel.
11:34 of 3rd period - Goal by Phil Kessel - Boston Bruins : 2 - New York Rangers : 5.
11:35 of 3rd period - Patrice Bergeron wins face-off versus Joel Farabee in neutral zone.
11:58 of 3rd period - Minor Penalty to Joel Farabee for Delaying the game.
11:59 of 3rd period - Patrice Bergeron wins face-off versus Pavel Zacha in Boston Bruins zone.
12:37 of 3rd period - Wrist shot by Blake Wheeler.
12:37 of 3rd period - Shot Misses the Net.
12:49 of 3rd period - Slapshot by Samuel Girard.
12:49 of 3rd period - Shot Blocked by Nathan MacKinnon.
12:53 of 3rd period - Wrist shot by Vincent Trocheck.
12:53 of 3rd period - Shot Misses the Net.
12:55 of 3rd period - Slapshot by Tyson Barrie.
12:55 of 3rd period - Deflect By Nathan MacKinnon.
12:55 of 3rd period - Stopped by Igor Shesterkin with a rebound.
13:58 of 3rd period - Penalty to Joel Farabee is over, Joel Farabee is back on ice.
14:10 of 3rd period - Off-side.
14:11 of 3rd period - Morgan Geekie wins face-off versus T.J. Oshie in neutral zone.
14:14 of 3rd period - Dmitry Kulikov is hit by Charlie McAvoy and loses puck.
14:23 of 3rd period - Wrist shot by Morgan Geekie.
14:23 of 3rd period - Stopped by Igor Shesterkin with a rebound.
14:25 of 3rd period - Wrist shot by Morgan Geekie.
14:25 of 3rd period - Stopped by Igor Shesterkin with a rebound.
14:27 of 3rd period - Slapshot by Danton Heinen.
14:27 of 3rd period - Shot Blocked by Matt Benning.
15:22 of 3rd period - Joel Farabee is hit by Cole Caufield and loses puck.
15:45 of 3rd period - Snap shot by Danton Heinen.
15:45 of 3rd period - Stopped by Igor Shesterkin with a rebound.
15:51 of 3rd period - Victor Mete is hit by Andre Burakovsky and loses puck.
16:00 of 3rd period - Backhand shot by Mikael Granlund.
16:00 of 3rd period - Shot Blocked by Victor Mete.
16:02 of 3rd period - Wrist shot by Andre Burakovsky.
16:02 of 3rd period - Stopped by David Rittich with a rebound.
16:04 of 3rd period - Backhand shot by Mark Giordano.
16:04 of 3rd period - Deflect By Blake Wheeler.
16:04 of 3rd period - Stopped by David Rittich with a rebound.
16:06 of 3rd period - Slapshot by Cam Fowler.
16:06 of 3rd period - Shot Misses the Net.
16:48 of 3rd period - Slapshot by Blake Wheeler.
16:48 of 3rd period - Shot Misses the Net.
16:50 of 3rd period - Wrist shot by Mark Giordano.
16:50 of 3rd period - Shot Misses the Net.
17:38 of 3rd period - Snap shot by Mikael Granlund.
17:38 of 3rd period - Shot Blocked by Victor Mete.
17:48 of 3rd period - Snap shot by Blake Wheeler.
17:48 of 3rd period - Shot Blocked by Victor Mete.
18:14 of 3rd period - Slapshot by Andre Burakovsky.
18:14 of 3rd period - Stopped by David Rittich with a rebound.
18:16 of 3rd period - Slapshot by Mikael Granlund.
18:16 of 3rd period - Stopped by David Rittich with a rebound.
18:18 of 3rd period - Wrist shot by Andre Burakovsky.
18:18 of 3rd period - Stopped by David Rittich with a rebound.
18:20 of 3rd period - Slapshot by Cam Fowler.
18:20 of 3rd period - Shot Blocked by Victor Mete.
18:22 of 3rd period - Slapshot by Mark Giordano.
18:22 of 3rd period - Stopped by David Rittich with a rebound.
18:24 of 3rd period - Slapshot by Cam Fowler.
18:24 of 3rd period - Deflect By Danton Heinen.
18:24 of 3rd period - Stopped by David Rittich without a rebound.
18:25 of 3rd period - Patrice Bergeron wins face-off versus Ryan Donato in Boston Bruins zone.
18:28 of 3rd period - Slapshot by Nathan MacKinnon.
18:28 of 3rd period - Stopped by David Rittich without a rebound.
18:29 of 3rd period - Patrice Bergeron wins face-off versus Ryan Donato in Boston Bruins zone.
18:30 of 3rd period - Wrist shot by Nathan MacKinnon.
18:30 of 3rd period - Deflect By Ryan Donato.
18:30 of 3rd period - Stopped by David Rittich with a rebound.
18:38 of 3rd period - Snap shot by Joonas Donskoi.
18:38 of 3rd period - Shot Misses the Net.
18:40 of 3rd period - Wrist shot by Ryan Donato.
18:40 of 3rd period - Stopped by Igor Shesterkin with a rebound.
18:42 of 3rd period - Slapshot by Jordan Spence.
18:42 of 3rd period - Shot Misses the Net.
18:44 of 3rd period - Slapshot by Jordan Spence.
18:44 of 3rd period - Shot Misses the Net.
18:50 of 3rd period - Minor Penalty to Pierre-Luc Dubois for Hooking.
18:51 of 3rd period - Vincent Trocheck wins face-off versus David Kampf in New York Rangers zone.
19:01 of 3rd period - Snap shot by Vincent Trocheck.
19:01 of 3rd period - Shot Blocked by Adam Larsson.
19:03 of 3rd period - Wrist shot by Vincent Trocheck.
19:03 of 3rd period - Shot Misses the Net.
19:07 of 3rd period - Snap shot by Vincent Trocheck.
19:07 of 3rd period - Stopped by Igor Shesterkin with a rebound.
Goals for this period are 1 for Boston Bruins vs 3 for New York Rangers.
Shots for this period are 14 for Boston Bruins vs 21 for New York Rangers.
Back to the Top